 Dungeon Crawl Stone Soup version 0.26-a0-540-g8a0c9464d7 (webtiles) character file.

Game seed: 8598681993231052307

7840 kae the Geomancer (level 11, -1/72 HPs)
             Began as a Gargoyle Earth Elementalist on Aug 20, 2020.
             Was a Believer of Vehumet.
             Slain by an orc warrior
             ... wielding a +0 war axe
              (8 damage)
             ... on level 10 of the Dungeon.
             The game lasted 00:10:13 (10279 turns).

kae the Geomancer (Gargoyle Earth Elementalist)    Turns: 10279, Time: 00:10:14

Health: -1/72      AC: 17    Str: 16    XL:     11   Next: 21%
Magic:  10/21      EV: 13    Int: 19    God:    Vehumet [**....]
Gold:   347        SH:  7    Dex: 19    Spells: 15/24 levels left

rFire    + + .     SeeInvis +   y - +7 morningstar of Impatience {venom, rF++ Str-2 Dex+9}
rCold    . . .     Faith    .   m - +1 buckler
rNeg     + . .     Spirit   .   h - +0 swamp dragon scales
rPois    ∞         Reflect  .   F - +0 helmet
rElec    +         Harm     .   G - scarf {repulsion}
rCorr    .                      (no gloves)
MR       .....                  (no boots)
Stlth    ++........             l - amulet of magic regeneration
HPRegen  0.22/turn              t - ring of see invisible
MPRegen  0.42/turn              s - +6 ring of strength

@: studying Axes, repel missiles
A: negative energy resistance 1, electricity resistance, unbreathing,
petrification resistance, rot immunity, AC +8
a: Renounce Religion


You were on level 10 of the Dungeon.
You worshipped Vehumet.
Vehumet was pleased with you.
You visited 2 branches of the dungeon, and saw 11 of its levels.

You collected 581 gold pieces.
You spent 234 gold pieces at shops.

Inventory:

Hand Weapons
 a - a +0 hand axe
 o - a +3 vorpal hand axe
 y - the +7 morningstar of Impatience (weapon) {venom, rF++ Str-2 Dex+9}
   (You bought it in a shop on level 6 of the Dungeon)

   It poisons the flesh of those it strikes.
   It affects your strength (-2).
   It affects your dexterity (+9).
   It greatly protects you from fire.
Missiles
 b - 56 stones (quivered)
Armour
 h - +0 swamp dragon scales (worn)
 m - a +1 buckler (worn)
 v - a +1 cloak
 F - a +0 helmet (worn)
 G - a scarf of repulsion (worn)
Jewellery
 c - an uncursed ring of protection from fire
 l - an amulet of magic regeneration (around neck)
 r - an uncursed ring of protection from fire
 s - a +6 ring of strength (right hand)
 t - a ring of see invisible (left hand)
 I - an uncursed amulet of faith {unknown}
Wands
 e - a wand of random effects (17)
 k - a wand of iceblast (7)
 H - a wand of paralysis (16)
Scrolls
 d - 5 scrolls of teleportation
 f - 4 scrolls of enchant armour
 g - 6 scrolls of immolation
 n - 2 scrolls of remove curse
 x - 2 scrolls of fog
 C - 2 scrolls of magic mapping
 D - 2 scrolls of amnesia
Potions
 i - a potion of might
 j - a potion of cancellation
 p - 2 potions of curing
 q - 2 potions of mutation {unknown}
 w - 2 potions of stabbing
 z - a potion of invisibility {unknown}
 A - 2 potions of flight {unknown}
 B - 2 potions of haste {unknown}
 E - a potion of magic {unknown}
Books
 u - a manual of Axes


   Skills:
 - Level 10.0 Fighting
 - Level 5.0 Armour
 + Level 3.7 Dodging
 - Level 2.1 Stealth
 - Level 4.0 Shields
 - Level 7.0 Spellcasting
 - Level 5.0 Conjurations
   Level 0.7 Transmutations
 - Level 11.0 Earth Magic


You had 15 spell levels left.
You knew the following spells:

 Your Spells              Type           Power        Failure   Level
a - Sandblast             Erth           #####.       1%          1
b - Stone Arrow           Conj/Erth      #####.       1%          3
c - Lee's Rapid Deconstr  Erth           #####.....   5%          5

Your spell library contained the following spells:

 Spells                   Type           Power        Failure   Level
 Searing Ray              Conj           ####..       3%          2
 Passwall                 Tmut/Erth      ####....     2%          2
 Petrify                  Tmut/Erth      ####....     16%         4


Dungeon Overview and Level Annotations

Branches:
Dungeon (10/15)            Temple (1/1) D:6            Lair (0/6) D:10
    Orc: D:9-12

Altars:
Ashenzari
Cheibriados
Dithmenos
Elyvilon
Fedhas
Gozag
Hepliaklqana
Kikubaaqudgha
Makhleb
Nemelex Xobeh
Okawaru
Qazlal
Ru
Sif Muna
Trog
Uskayaw
Vehumet
Wu Jian
Xom
Yredelemnul
Zin
The Shining One

Shops:
D:5 *   D:6 (

Annotations:
D:5 2 runed translucent doors, erdraug's ghost, novice TeAE


Innate Abilities, Weirdness & Mutations

You are resistant to torment.
Your stone body is resilient. (AC +8)
You are immune to poison.
You resist negative energy. (rN+)
You are resistant to electric shocks. (rElec)
You can survive without breathing.
You are immune to petrification.
You are immune to rotting.


Message History

The orc warrior hits you with a +0 war axe!
* * * LOW HITPOINT WARNING * * *
Casting: Sandblast (safe; 1% risk of failure)
Confirm with . or Enter, or press ? or * to list all spells.
Aiming: Sandblast (safe; 1% risk of failure)
Press: ? - help, Shift-Dir - straight line, f/p - orc warrior
Aim: an orc warrior, wielding a +0 war axe, wearing a cursed +0 plate armour and quivering 8 boomerangs (almost dead)
The blast of sand misses the orc warrior.
b - 57 stones The orc warrior hits you with a +0 war axe!
* * * LOW HITPOINT WARNING * * *
Casting: Sandblast (safe; 1% risk of failure)
Confirm with . or Enter, or press ? or * to list all spells.
Aiming: Sandblast (safe; 1% risk of failure)
Press: ? - help, Shift-Dir - straight line, f/p - orc warrior
Aim: an orc warrior, wielding a +0 war axe, wearing a cursed +0 plate armour and quivering 8 boomerangs (almost dead)
The blast of sand misses the orc warrior.
b - 56 stones The orc warrior hits you with a +0 war axe!
You die...

## ##.............#..#
#..#..............##..
..................# ..
#...................
....................
...............##..
....#...O...##....#
... ##..?#...##.. ##
#......@# ..
.......o)# ...#.......
..####...##.. .# #...#
... ##.## ..## ## .##
##


You could see an orc warrior and an ogre.

Vanquished Creatures
  2 two-headed ogres
  An orc sorcerer (D:8)
  Maggie (D:7)
  2 hippogriffs (D:8)
  4 yaks (D:9)
  A soldier ant (D:10)
  A water moccasin (D:6)
  A black bear (D:8)
  2 orc warriors
  An ice beast (D:7)
  5 sky beasts
  A phantom (D:9)
  2 ogres
  9 centaurs
  4 wolves
  4 bullfrogs
  A wyvern zombie (D:5)
  2 water moccasin skeletons
  4 scorpions
  6 killer bees
  2 electric eels (D:10)
  5 howler monkeys
  A centaur zombie (D:5)
  7 hounds
  3 bullfrog zombies
  A centaur skeleton (D:7)
  A jelly (D:9)
  3 bullfrog skeletons
  9 orc priests
  3 orc wizards
  6 iguanas
  5 worker ants
  Terence (D:2)
  A hound zombie (D:6)
  3 hound skeletons
  2 worker ant zombies
  4 gnolls (D:9)
  10 adders
  3 white imps
  An ufetubus (D:9)
  4 oozes
  An adder zombie (D:5)
  6 worms
  4 dart slugs (D:1)
  5 leopard geckos
  35 orcs
  3 ball pythons
  4 giant cockroaches
  2 gnoll zombies (D:3)
  12 goblins
  6 hobgoblins
  8 jackals
  4 quokkas
  10 bats
  4 frilled lizards
  7 kobolds
  A quokka skeleton (D:5)
  9 rats
250 creatures vanquished.

Notes
Turn   | Place    | Note
-------+----------+-------------------------------------------
     0 | D:1      | kae the Gargoyle Earth Elementalist began the quest for the
                  | Orb.
     0 | D:1      | Reached XP level 1. HP: 10/10 MP: 3/3
   118 | D:1      | Reached skill level 4 in Earth Magic
   174 | D:1      | Reached XP level 2. HP: 15/15 MP: 3/5
   472 | D:1      | Reached XP level 3. HP: 18/19 MP: 6/6
   992 | D:2      | Reached skill level 5 in Earth Magic
  1154 | D:2      | Reached XP level 4. HP: 21/24 MP: 6/8
  1216 | D:2      | Noticed Terence
  1252 | D:2      | Killed Terence
  1252 | D:2      | Reached skill level 1 in Shields
  1621 | D:2      | Reached XP level 5. HP: 28/28 MP: 7/9
  2456 | D:3      | Reached skill level 6 in Earth Magic
  2478 | D:3      | Learned a level 3 spell: Stone Arrow
  2484 | D:3      | Learned a level 5 spell: Lee's Rapid Deconstruction
  2913 | D:3      | Found a basalt altar of Yredelemnul.
  2982 | D:4      | Reached XP level 6. HP: 29/32 MP: 5/11
  3341 | D:4      | Reached skill level 7 in Earth Magic
  3623 | D:4      | Reached XP level 7. HP: 36/36 MP: 10/12
  3847 | D:4      | Found a shimmering altar of Xom.
  3923 | D:5      | Entered Level 5 of the Dungeon
  3930 | D:5      | Reached skill level 8 in Earth Magic
  4104 | D:5      | Reached XP level 8. HP: 41/41 MP: 6/14
  4193 | D:5      | Found a sacrificial altar of Ru.
  4353 | D:5      | Reached skill level 9 in Earth Magic
  4419 | D:5      | Found Souromp's Superlative Supplies.
  4601 | D:5      | Reached skill level 5 in Spellcasting
  4625 | D:5      | Found a runed translucent door.
  4813 | D:5      | Found a runed translucent door.
  5353 | D:5      | Noticed erdraug's ghost (novice TeAE)
  5734 | D:6      | Reached skill level 10 in Earth Magic
  5907 | D:6      | Found a staircase to the Ecumenical Temple.
  6262 | D:6      | Found Vashrulel's Antique Weapon Emporium.
  6265 | D:6      | Bought a fine morningstar for 234 gold pieces
  6265 | D:6      | Identified the +7 morningstar of Impatience {venom, rF++
                  | Str-2 Dex+9} (You bought it in a shop on level 6 of the
                  | Dungeon)
  6393 | D:7      | Found a bloodstained altar of Trog.
  6397 | D:7      | Reached XP level 9. HP: 45/45 MP: 14/18
  6405 | D:7      | Found a hazy altar of Hepliaklqana.
  6406 | D:7      | Found a blossoming altar of Fedhas.
  6448 | D:7      | Found a snail-covered altar of Cheibriados.
  6449 | D:7      | Found a hide-covered altar of Uskayaw.
  6495 | D:7      | Reached skill level 1 in Conjurations
  6771 | D:7      | Noticed Maggie
  6785 | D:7      | Killed Maggie
  6785 | D:7      | Reached skill level 5 in Conjurations
  7474 | D:7      | Reached skill level 1 in Armour
  7583 | D:8      | Reached skill level 5 in Fighting
  7609 | D:8      | Noticed an orc sorcerer
  7729 | D:8      | Noticed a hellwing
  7732 | D:8      | Killed an orc sorcerer
  7732 | D:8      | Reached XP level 10. HP: 54/61 MP: 4/20
  7910 | D:8      | Noticed a two-headed ogre
  7916 | D:8      | Killed a two-headed ogre
  8171 | Temple   | Entered the Ecumenical Temple
  8312 | Temple   | Became a worshipper of Vehumet
  9036 | D:9      | Reached skill level 5 in Armour
  9313 | D:9      | Reached * piety under Vehumet
  9313 | D:9      | Offered knowledge of Foxfire by Vehumet.
  9514 | D:9      | Noticed a two-headed ogre
  9519 | D:9      | Killed a two-headed ogre
  9519 | D:9      | Reached XP level 11. HP: 72/72 MP: 12/21
  9675 | D:9      | Reached skill level 10 in Fighting
  9675 | D:9      | Reached skill level 11 in Earth Magic
  9986 | D:10     | Entered Level 10 of the Dungeon
 10129 | D:10     | Found a staircase to the Lair.
 10268 | D:10     | Reached ** piety under Vehumet
 10268 | D:10     | Offered knowledge of Searing Ray by Vehumet.
 10279 | D:10     | Slain by an orc warrior

Illustrated notes

Levels and vault maps discovered:
D:1:      ncdulo_smallfort, layout_loops_ring, st_stairs_8
D:2:      layout_rooms, kennysheep_generic_room_15, uniq_terence
D:3:      layout_loops_ring, lemuel_zombie_altar_yredelemnul
D:4:      layout_rooms, tgw_xom
D:5:      layout_layer_cave, hangedman_ru_absence, ebering_ghost_sewer_f,
          st_stairs_7, nicolae_alphabet_shops, roderic_serpentine_path,
          corexii_hall_statues_deadend, minmay_manual_monstrance
D:6:      layout_loops_ring, temple_hall, serial_shops,
          nicolae_shop_behind_doors, minivault_24
D:7:      layout_basic, grunt_temple_overflow_open, uniq_maggie
D:8:      cheibrodos_wizards_tower, layout_cave_pods
D:9:      layout_stronghold
D:10:     gammafunk_mikee_crab_dinner, layout_cave_pools, erik_lair_island
Temple:   regret_index_temple_waves

Skill      XL: |  1  2  3  4  5  6  7  8  9 10 11 |
---------------+----------------------------------+-----
Earth Magic    | 4 5 6 7 8 10 11 | 11.0
Shields        | 1 2 3 4 |  4.0
Spellcasting   | 3 4 6 7 |  7.0
Conjurations   | 5 |  5.0
Fighting       | 6 9 10 | 10.0
Armour         | 3 5 |  5.0
Dodging        | 3 |  3.7
Stealth        | |  2.1
Transmutations | |  0.7

Action                   |  1- 3 |  4- 6 |  7- 9 | 10-12 || total
-------------------------+-------+-------+-------+-------++-------
Melee: Unarmed           |     3 |       |       |       ||     3
       Hand axe          |    64 |    91 |    40 |       ||   195
       Morningstar       |       |       |    12 |    93 ||   105
 Cast: Sandblast         |    15 |    92 |    97 |    67 ||   271
       Stone Arrow       |       |       |    69 |    21 ||    90
       Lee's Rapid Decon |       |       |     2 |     2 ||     4
  Use: Potion            |       |     2 |       |       ||     2
       Scroll            |       |     8 |     7 |       ||    15
 Stab: Sleeping          |     4 |     1 |       |     2 ||     7
Armor: Robe              |    27 |    42 |    46 |       ||   115
       Skin              |       |    25 |       |       ||    25
       Swamp dragon scal |       |       |    12 |    77 ||    89
Dodge: Dodged            |    50 |    70 |    91 |   109 ||   320
Block: Buckler           |     4 |    20 |    42 |    61 ||   127

Table legend: (Time is in decaauts)
 A = Elapsed time spent in this place.
 B = Non-inter-level travel time spent in this place.
 C = Inter-level travel time spent in this place.
 D = Time resting spent in this place.
 E = Time spent auto-exploring this place.
 F = Levels seen in this place.
 G = Mean time per level.
                   A        B        C        D        E       F      G
               +--------+--------+--------+--------+--------+-----+--------+
         Total |  10395 |   9709 |    686 |   1157 |   6986 |  11 |  945.0 |
       Dungeon |  10206 |   9602 |    604 |   1157 |   6880 |  10 | 1020.6 |
        Temple |    188 |    107 |     81 |      0 |    106 |   1 |  188.0 |
               +--------+--------+--------+--------+--------+-----+--------+

Top non-repeatable levels by time:
     D:5: 1712 daAuts
     D:7: 1336 daAuts
     D:2: 1182 daAuts
     D:8: 1128 daAuts
     D:9: 1099 daAuts
     D:1: 976 daAuts
     D:4: 954 daAuts
     D:3: 859 daAuts
     D:6: 765 daAuts
    D:10: 190 daAuts
  Temple: 188 daAuts
